 Dungeon Crawl Stone Soup version 0.30.1-3-gfc49f6343a (webtiles) character file.

Game seed: 14442888948248112123

205 CaptainMV the Shield-Bearer (level 5, -2/34 HPs)
             Began as a Demonspawn Wanderer on July 21, 2023.
             Slain by a goblin
             ... wielding a +0 club
              (4 damage)
             ... on level 3 of the Dungeon.
             The game lasted 00:14:51 (1289 turns).

CaptainMV the Shield-Bearer (Demonspawn Wanderer)   Turns: 1289, Time: 00:14:52

Health: -2/34      AC:  5    Str: 12 (14) XL:     5   Next: 52%
Magic:  0/9        EV: 11    Int: 13 (15) God:
Gold:   104        SH:  6    Dex:  8 (11) Spells: 5/9 levels left

rFire   . . .        a - +0 club
rCold   . . .        e - +2 buckler
rNeg    . . .        d - +0 leather armour
rPois   .            (no helmet)
rElec   .            (no cloak)
rCorr   .            (no gloves)
SInv    .            (no boots)
Will    .....        (no amulet)
Stlth   +            (no ring)
HPRegen 0.25/turn    (no ring)
MPRegen 0.11/turn

%: no passive effects
@: very slightly contaminated
A: slimy green scales 1, weakness stinger 1, frail 1, sturdy frame 1
a: no special abilities


You were on level 3 of the Dungeon.
You visited 1 branch of the dungeon, and saw 3 of its levels.

You collected 104 gold pieces.

Inventory:

Hand Weapons
 a - a +0 club (weapon)
Missiles
 k - a boomerang (quivered)
Armour
 d - a +0 leather armour (worn)
 e - a +2 buckler (worn)
Wands
 b - a wand of polymorph (4)
 l - a wand of digging (8)
Scrolls
 c - 2 scrolls of fog
 f - a scroll of enchant armour {unknown}
 m - 2 scrolls of teleportation {unknown}
Potions
 g - 2 potions of mutation
 h - a potion of brilliance {unknown}
 i - a potion of haste {unknown}
 j - a potion of degeneration
 n - a potion of might {unknown}


   Skills:
 + Level 2.2 Fighting
 + Level 0.7 Maces & Flails
 + Level 0.3 Throwing
 + Level 0.6 Armour
 + Level 0.8 Dodging
 + Level 0.3 Stealth
 + Level 3.4 Shields
 + Level 2.8 Spellcasting
 + Level 3.1 Ice Magic
 + Level 2.0 Evocations


You had 5 spell levels left.
You knew the following spells:

 Your Spells              Type           Power      Damage    Failure   Level
a - Freeze                Ice            40%        1d6       10%         1
b - Ozocubu's Armour      Ice            10%        N/A       28%         3

Your spell library contained the following spells:

 Spells                   Type           Power      Damage    Failure   Level


Dungeon Overview and Level Annotations

Branches:
Dungeon (3/15)

Altars:
Ashenzari
Ru

Annotations:
D:3 Terence


Innate Abilities, Weirdness & Mutations

You are partially covered in slimy green scales. (AC +2)
You have a small tail.
You are frail. (-10% HP)
Your movements are slightly less encumbered by armour. (ER -2)


Message History

The dart slug barely misses you. The goblin closely misses you.
Terence barely misses you.
You barely miss the dart slug. Terence looks scornfully at you.
Terence hits you from afar with a +0 trident.
The goblin hits you with a +0 club. The dart slug misses you.
You hit the dart slug but do no damage.
Terence hits you from afar with a +0 trident.
The goblin barely misses you. The dart slug completely misses you.
You hit the dart slug.
The dart slug is moderately wounded.
Terence hits you from afar with a +0 trident.
The goblin hits you but does no damage.
Terence hits you from afar with a +0 trident!
* * * LOW HITPOINT WARNING * * *
The goblin hits you but does no damage. You block the dart slug's attack.
Casting: Freeze (safe; 10% risk of failure)
Confirm with . or Enter, or press ? or * to list all spells.
Aiming: Freeze (safe; 10% risk of failure)
Press: ? - help, Shift-Dir - straight line, f - goblin
Aim: a goblin, wielding a +0 club You freeze the goblin.
The goblin is moderately wounded.
You block the goblin's attack.
Terence hits you from afar with a +0 trident.
* * * LOW HITPOINT WARNING * * *
You hit the dart slug. You tail-slap the dart slug.
You kill the dart slug!
Terence hits you from afar with a +0 trident.
* * * LOW HITPOINT WARNING * * *
You block the goblin's attack.
It was a potion of mutation.
You feel extremely strange.
You feel less encumbered by your armour.
You feel frail. You block the goblin's attack. Terence barely misses you.
It was a potion of degeneration.
There was something very wrong with that liquid.
You feel weakened.
You feel dopey.
You feel clumsy. The goblin hits you with a +0 club.
You die...

#.# ##.## #.##
#.####...####### ...#
##..............# ...#
....###...#####.###...##
....# ##.## #.........
##### #.# #.....)... #.#
#......... #.#
#......... #.# #.@.#.#.#
..#.$.....g......
#.####.@...⌠...
##......._ .....⌠...
#........ ##.#.#.#.
......


You could see Terence and a goblin.

Vanquished Creatures
  A bullfrog (D:3)
  A hound (D:3)
  Jessica (D:2)
  4 adders
  2 dart slugs (D:3)
  An orc (D:3)
  6 endoplasms
  A giant cockroach (D:1)
  6 goblins
  7 hobgoblins
  A kobold (D:1)
  2 quokkas (D:1)
  5 ball pythons
  A bat (D:1)
  4 frilled lizards
  2 rats (D:1)
45 creatures vanquished.

Notes
Turn   | Place    | Note
-------+----------+-------------------------------------------
     0 | D:1      | CaptainMV the Demonspawn Wanderer began the quest for the
                  | Orb.
     0 | D:1      | CaptainMV set off with the following items: a +0 club, a
                  | wand of polymorph (4), a scroll of fog, a +0 leather
                  | armour, a +2 buckler; and the following spell memorised:
                  | Freeze; and the following spells available to memorise:
                  | Ozocubu's Armour.
     0 | D:1      | Reached XP level 1. HP: 16/16 MP: 2/2
   124 | D:1      | Found a faded altar of an unknown god.
   154 | D:1      | Gained mutation: You are partially covered in slimy green
                  | scales. (AC +2) [demonic ancestry]
   154 | D:1      | Reached XP level 2. HP: 22/22 MP: 1/3
   515 | D:2      | Noticed Jessica
   519 | D:2      | Killed Jessica
   520 | D:2      | Gained mutation: You have a small tail. [demonic ancestry]
   520 | D:2      | Reached XP level 3. HP: 24/27 MP: 1/5
   558 | D:2      | Learned a level 3 spell: Ozocubu's Armour
   703 | D:2      | Reached XP level 4. HP: 33/33 MP: 2/7
   926 | D:3      | Noticed a bullfrog
   964 | D:3      | Killed a bullfrog
   965 | D:3      | Reached XP level 5. HP: 33/38 MP: 0/8
   976 | D:3      | Found a broken altar of Ashenzari.
  1044 | D:3      | Found a sacrificial altar of Ru.
  1274 | D:3      | Noticed Terence
  1288 | D:3      | Gained mutation: Your movements are slightly less
                  | encumbered by armour. (ER -2) [potion of mutation]
  1288 | D:3      | Gained mutation: You are frail. (-10% HP) [potion of
                  | mutation]
  1289 | D:3      | Slain by a goblin

Illustrated notes

Levels and vault maps discovered:
D:1:      noname_arrival_rooms_in_the_neighbourhood, layout_basic,
          hellmonk_ecumenical_altar_run_dry
D:2:      layout_rooms, uniq_jessica
D:3:      layout_loops_ring, nicolae_overflow_hidden_temple,
          evilmike_ruin_ashenzari, elyvilon_altar_5, uniq_terence

Skill      XL: |  1  2  3  4  5 |
---------------+----------------+-----
Shields        | 3 |  3.4
Ice Magic      | 2 3 |  3.1
Spellcasting   | 2 |  2.8
Fighting       | |  2.2
Maces & Flails | |  0.7
Throwing       | |  0.3
Armour         | |  0.6
Dodging        | |  0.8
Stealth        | |  0.3
Evocations     | |  2.0

Action                     |  1- 3 |  4- 6 || total
---------------------------+-------+-------++-------
  Melee: Club              |    47 |    22 ||    69
         Tailslap          |       |     2 ||     2
  Throw: Boomerang         |       |     9 ||     9
   Cast: Freeze            |    34 |    39 ||    73
         Ozocubu's Armour  |       |     1 ||     1
    Use: Scroll            |     4 |     2 ||     6
         Potion            |       |     2 ||     2
   Stab: Sleeping          |     1 |     1 ||     2
 Armour: Leather armour    |    25 |    17 ||    42
  Dodge: Dodged            |    31 |    31 ||    62
  Block: Buckler           |    31 |    23 ||    54
